 Dungeon Crawl Stone Soup version 0.21.1-1-g345015fe64 (webtiles) character file.

7005 Evaline the Blocker (level 11, -3/64 HPs)
             Began as a Gargoyle Fighter on June 26, 2018.
             Was an Elder of Okawaru.
             Slain by a polar bear (4 damage)
             ... on level 8 of the Dungeon.
             The game lasted 00:53:29 (10628 turns).

Evaline the Blocker (Gargoyle Fighter)             Turns: 10628, Time: 00:53:30

Health: -3/64      AC: 21    Str: 22    XL:     11   Next: 8%
Magic:  21/21      EV:  8    Int: 10    God:    Okawaru [****..]
Gold:   282        SH: 13    Dex:  9    Spells: 10/10 levels left

rFire    . . .     SeeInvis .   b - -1 hunting sling (curse)
rCold    . . .     Gourm    .   c - +1 shield
rNeg     + . .     Faith    .   Q - +0 chain mail
rPois    ∞         Spirit   .   h - +0 helmet
rElec    +         Reflect  .   m - +0 cloak
rCorr    .         Harm     .   (no gloves)
MR       .....                  (no boots)
Stlth    ..........             t - amulet of regeneration
HPRegen  0.60/turn              I - ring of magical power
MPRegen  0.17/turn              B - +3 ring of slaying

@: no status effects
A: negative energy resistance 1, electricity resistance, unbreathing,
petrification resistance, rot immunity, AC +8
a: Heroism, Renounce Religion


You were on level 8 of the Dungeon.
You worshipped Okawaru.
Okawaru was greatly pleased with you.
You were not hungry.

You visited 2 branches of the dungeon, and saw 9 of its levels.
You also visited: Sewer.

You collected 282 gold pieces.

Inventory:

Hand Weapons
 a - a +1 whip of electrocution
 b - a cursed -1 hunting sling (weapon)
 o - a +0 blowgun
 p - a +0 hunting sling
 w - a +0 trident
 D - a +0 flail
 S - a +0 war axe
Missiles
 f - 168 stones
 s - 8 tomahawks
 A - 50 poisoned needles
 T - 32 sling bullets (quivered)
Armour
 c - a +1 shield (worn)
 h - a +0 helmet (worn)
 m - a +0 cloak (worn)
 Q - a +0 chain mail (worn)
Magical Staves
 G - a cursed staff of power {unknown}
Jewellery
 t - an amulet of regeneration (around neck)
 x - an uncursed ring of teleportation
 z - a +4 ring of intelligence
 B - a +3 ring of slaying (right hand)
 H - an uncursed ring of protection from fire
 I - a ring of magical power (left hand)
 L - an uncursed ring of protection from fire
 N - an uncursed ring of wizardry
Wands
 g - a wand of iceblast (8)
 v - a wand of polymorph (24)
 U - a wand of paralysis (4)
 V - a wand of enslavement (13)
 X - a wand of random effects (23)
 Y - a wand of flame (20)
Scrolls
 i - a scroll of blinking
 n - 3 scrolls of identify
 u - 2 scrolls of amnesia
 y - a scroll of remove curse
 C - a scroll of enchant weapon {unknown}
 F - 2 scrolls of fear {unknown}
 K - a scroll of immolation
 M - a scroll of vulnerability {unknown}
 R - a scroll of magic mapping {unknown}
 W - a scroll of teleportation
Potions
 d - 2 potions of might
 e - 5 potions of heal wounds {unknown}
 k - 2 potions of haste {unknown}
 l - 4 potions of flight {unknown}
 q - 9 potions of curing {unknown}
 r - 6 potions of agility
 E - a potion of berserk rage {unknown}
 J - a potion of lignification {unknown}
 O - a potion of mutation {unknown}
 P - a potion of magic {unknown}
Comestibles
 j - 16 rations
 Z - 3 chunks of flesh


   Skills:
 + Level 6.2 Fighting
 + Level 7.7(8.4) Axes
 * Level 5.4(7.7) Maces & Flails
 + Level 4.1(4.2) Slings
 + Level 1.3(2.9) Throwing
 * Level 7.5 Armour
 + Level 2.4 Dodging
 - Level 0.2 Stealth
 * Level 10.1 Shields
 - Level 2.1 Invocations


You had 10 spell levels left.
You didn't know any spells.

Dungeon Overview and Level Annotations

Branches:
Dungeon (8/15)             Temple (1/1) D:5
   Lair: D:8-11

Altars:
Ashenzari
Cheibriados
Dithmenos
Elyvilon
Fedhas
Gozag
Hepliaklqana
Kikubaaqudgha
Makhleb
Nemelex Xobeh
Okawaru
Qazlal
Ru
Sif Muna
Trog
Uskayaw
Vehumet
Wu Jian
Xom
Yredelemnul
Zin
The Shining One


Innate Abilities, Weirdness & Mutations

You are resistant to torment.
Your stone body is resilient. (AC +8)
You are immune to poison.
You resist negative energy. (rN+)
You are resistant to electric shocks. (rElec)
You can survive without breathing.
You are immune to petrification.
You are immune to rotting.


Message History

Aim: a polar bear (severely wounded, berserk, fast, unusually strong)
You shoot a sling bullet. The sling bullet hits the polar bear!
The polar bear is almost dead.
The polar bear bites you.
* * * LOW HITPOINT WARNING * * *
The polar bear claws you but does no damage.
You block the polar bear's attack.
Firing (i - inventory. (,) - cycle):
T - 33 sling bullets (quivered)
Press: ? - help, Shift-Dir - straight line, f/p - polar bear
Aim: a polar bear (almost dead, berserk, fast, unusually strong)
You shoot a sling bullet.
The sling bullet barely misses the polar bear.
The polar bear bites you but does no damage.
The polar bear claws you.
* * * LOW HITPOINT WARNING * * *
The polar bear claws you but does no damage.
The polar bear bites you.
* * * LOW HITPOINT WARNING * * *
You block the polar bear's attack. The polar bear claws you.
You die...

#.......#.......# .#
#.......#.......# .... .#
....##'##..##...###.. .#
....#..######...#.#.############
....#..# #...#..............##
....#..# #...#..............'.
....#..#....#...#..............#
....#..#....#...#..............#
..8....#....#...@..............#
.......#....#..h#.............<#
.......#....#..(#..............#
.......#....#(.(#....#'#########
.......#....#..(#....#.....[[.#
....#..#....'...#....'.[...).<#
....#'##[...#.(.#.............#
#...........#####......#.#....#
#.....................##.##..####


You could see a polar bear (berserk).

Vanquished Creatures
  The ghost of Kohma the Prestidigitator, a novice SpVM of Nemelex Xobeh (D:8)
  Pikel (D:5)
  Joseph (D:7)
  A polar bear (D:7)
  A troll (D:7)
  3 hippogriffs (D:7)
  A yak (D:7)
  A wyvern (D:5)
  Grum (D:8)
  Edmund (D:4)
  3 sky beasts
  3 ice beasts
  2 slaves (D:5)
  3 phantoms
  7 wolves
  2 ogres
  A centaur (D:6)
  5 big kobolds
  9 bullfrogs
  A water moccasin zombie (D:6)
  4 scorpions
  A howler monkey (D:6)
  3 electric eels (D:8)
  5 crimson imps
  A quasit (D:6)
  A centaur zombie (D:6)
  3 jellies
  2 hounds
  3 orc priests
  3 iguanas
  5 orc wizards
  4 worker ants
  A bullfrog simulacrum (D:8)
  A hound zombie (D:4)
  A killer bee simulacrum (D:8)
  19 adders
  A river rat (D:6)
  2 shadow imps
  3 white imps
  5 ufetubi
  3 oozes
  2 adder skeletons (D:6)
  2 worms
  A dart slug (D:4)
  10 leopard geckos
  35 orcs
  2 ball pythons (Sewer)
  4 giant cockroaches
  9 goblins
  4 hobgoblins
  9 jackals
  4 quokkas
  8 bats
  4 frilled lizards
  29 kobolds
  A leopard gecko skeleton (D:4)
  2 quokka skeletons
  12 rats
257 creatures vanquished.

Vanquished Creatures (others)
  A slave (D:5)
  A worker ant (D:5)
  An orc (D:8)
3 creatures vanquished.

Grand Total: 260 creatures vanquished

Notes
Turn   | Place    | Note
-------+----------+-------------------------------------------
     0 | D:1      | Evaline the Gargoyle Fighter began the quest for the Orb.
     0 | D:1      | Reached XP level 1. HP: 14/14 MP: 1/1
   102 | D:1      | Reached XP level 2. HP: 18/19 MP: 2/2
   857 | D:2      | Reached skill level 4 in Shields
   857 | D:2      | Reached XP level 3. HP: 9/23 MP: 3/3
  1419 | D:2      | Reached XP level 4. HP: 25/28 MP: 4/4
  2289 | D:3      | Reached XP level 5. HP: 32/33 MP: 5/5
  2326 | D:3      | Found a sacrificial altar of Ru.
  2334 | D:3      | Found a snail-covered altar of Cheibriados.
  2334 | D:3      | Found an ancient bone altar of Kikubaaqudgha.
  2345 | D:3      | Found a hide-covered altar of Uskayaw.
  2349 | D:3      | Found a glowing silver altar of Zin.
  2937 | D:4      | Noticed Edmund
  3014 | D:4      | Killed Edmund
  3014 | D:4      | Reached skill level 5 in Shields
  3014 | D:4      | Reached XP level 6. HP: 25/38 MP: 6/6
  3330 | D:4      | Found a radiant altar of Vehumet.
  3595 | D:4      | Reached skill level 1 in Maces & Flails
  3595 | D:4      | Reached XP level 7. HP: 39/43 MP: 7/7
  4232 | D:5      | Entered Level 5 of the Dungeon
  4234 | D:5      | Noticed a wyvern
  4354 | D:5      | Reached skill level 1 in Dodging
  4686 | D:5      | Reached skill level 5 in Axes
  4709 | D:5      | Reached skill level 6 in Shields
  4709 | D:5      | Reached XP level 8. HP: 28/48 MP: 8/8
  4879 | D:5      | Killed a wyvern
  4960 | D:5      | Noticed Pikel
  4997 | D:5      | Killed Pikel
  4997 | D:5      | Reached skill level 5 in Armour
  5093 | D:5      | Reached skill level 5 in Fighting
  5093 | D:5      | Reached skill level 7 in Shields
  5138 | D:5      | Reached XP level 9. HP: 54/54 MP: 9/9
  5349 | D:5      | Found a staircase to the Ecumenical Temple.
  5358 | Temple   | Entered the Ecumenical Temple
  5393 | Temple   | Became a worshipper of Warmaster Okawaru
  5581 | D:6      | Reached skill level 1 in Throwing
  5772 | D:6      | Found a glowing drain.
  5776 | Sewer    | Entered a sewer
  6303 | D:6      | Reached * piety under Okawaru
  6578 | D:6      | Reached skill level 8 in Shields
  6837 | D:6      | Found a sparkling altar of Nemelex Xobeh.
  7238 | D:7      | Noticed Joseph
  7265 | D:7      | Killed Joseph
  7265 | D:7      | Reached ** piety under Okawaru
  7300 | D:6      | Reached XP level 10. HP: 46/60 MP: 10/10
  7335 | D:7      | Reached skill level 9 in Shields
  8466 | D:7      | Reached skill level 1 in Slings
  8507 | D:7      | Reached *** piety under Okawaru
  8658 | D:8      | Noticed a two-headed ogre
  8964 | D:8      | Noticed Kohma's ghost (novice SpVM)
  9335 | D:8      | Noticed Grum
  9361 | D:8      | Reached skill level 5 in Maces & Flails
  9394 | D:7      | Reached skill level 1 in Invocations
  9433 | D:8      | Killed Grum
  9708 | D:8      | Reached **** piety under Okawaru
  9863 | D:8      | Received a gift from Okawaru
  9932 | D:8      | Killed Kohma's ghost
  9932 | D:8      | Reached skill level 10 in Shields
  9932 | D:8      | Reached XP level 11. HP: 45/64 MP: 12/12
 10116 | D:8      | HP: 3/64 [polar bear (2)]
 10628 | D:8      | HP: 1/64 [polar bear (5)]
 10628 | D:8      | Slain by a polar bear

Skill      XL: |  1  2  3  4  5  6  7  8  9 10 11 |
---------------+----------------------------------+-----
Axes           | 2 3 4 5 6 7 |  7.7
Shields        | 4 5 6 7 8 10 | 10.1
Armour         | 4 5 6 7 |  7.5
Fighting       | 4 5 6 |  6.2
Maces & Flails | 1 3 5 |  5.4
Dodging        | 1 2 |  2.4
Throwing       | 1 |  1.3
Slings         | 3 4 |  4.1
Invocations    | 2 |  2.1
Stealth        | |  0.2

Action                   |  1- 3 |  4- 6 |  7- 9 | 10-12 || total
-------------------------+-------+-------+-------+-------++-------
Melee: War axe           |    84 |   175 |   182 |       ||   441
       Mace              |    38 |    53 |       |       ||    91
       Flail             |       |     9 |   116 |       ||   125
       Whip              |       |       |   149 |    80 ||   229
       Spear             |       |       |    85 |       ||    85
       Hunting sling     |       |       |       |     2 ||     2
 Fire: Hunting sling     |       |       |       |   672 ||   672
Throw: Stone             |     2 |     5 |     4 |       ||    11
       Tomahawk          |       |     4 |    17 |       ||    21
  Use: Scroll            |       |       |     9 |       ||     9
  Eat: Chunk             |     2 |     7 |    13 |    11 ||    33
Armor: Scale mail        |    68 |   130 |   234 |       ||   432
       Chain mail        |       |       |    19 |   491 ||   510
Dodge: Dodged            |    34 |    72 |   118 |   248 ||   472
Block: Shield            |    68 |   134 |   263 |   478 ||   943
